AoeStats
← pjanic1520

Arena

510326522Analyzed
4v4 RM · 9h ago on Sep 30, 2026· 72m 35s· 8 players
Game mode
Random Map
Map size
Large (8 player)
Population
200
Speed
Normal
Resources
Standard
Victory
Conquest
Starting age
Dark Age
Ending age
Imperial Age
RankedLock teamsTeams togetherTeam positionsShared explorationLock speedFull tech treeHidden civsTurbo modeCheats
Victory
Defeat
🇭🇰 Turks · Hong Kong SAR China
722
+17
🇬🇧 Franks · United Kingdom
708
+17
🇫🇷 Celts · France
664
+19
🇮🇹 Italians · Italy
637
+20
🇲🇽 Danes · Mexico
764
-19
🇨🇳 Persians · China
760
-19
🇨🇿 Spanish · Czechia
758
-19
🇺🇸 Portuguese · United States
669
-16
chipandcharge
0:40 Loom
10:39 Feudal Age
11:26 Double-Bit Axe
13:19 Man-at-Arms
20:09 Castle Age
19:24 Gold Mining
19:38 Fletching
19:49 Padded Archer Armor
20:27 Crossbowman
25:50 Gold Shaft Mining
25:05 Stone Mining
27:57 Bow Saw
27:39 Stone Mining
28:34 Town Watch
29:27 Wheelbarrow
31:12 Hand Cart
32:19 Bodkin Arrow
32:40 Leather Archer Armor
39:45 Imperial Age
38:52 Caravan
40:21 Cranequins
42:15 Chemistry
42:01 Town Patrol
43:35 Hoardings
45:00 Heavy Mounted Crossbowman
49:29 Forging
49:20 Scale Mail Armor
49:25 Scale Barding Armor
54:55 Ballistics
54:22 Arrowslits
54:45 Siege Engineers
54:52 Masonry
54:38 Murder Holes
60:45 Elite Skirmisher
All Along the Watchtower
0:27 Loom
11:46 Feudal Age
13:05 Wheelbarrow
12:18 Double-Bit Axe
14:44 Horse Collar
18:25 Gold Mining
18:26 Stone Mining
23:58 Castle Age
22:51 Forging
22:42 Scale Mail Armor
22:25 Man-at-Arms
24:53 Hand Cart
24:51 Bow Saw
24:49 Heavy Plow
33:15 Gold Shaft Mining
37:52 Imperial Age
35:25 Caravan
35:35 Long Swordsman
36:00 Gambesons
37:12 Pikeman
37:38 Arson
40:08 Stone Shaft Mining
39:02 Two-Handed Swordsman
40:42 Fortified Wall
40:28 Murder Holes
40:03 Capped Ram
40:09 Champion
41:13 Siege Ram
42:45 Forging
42:35 Scale Mail Armor
42:08 Halberdier
44:10 Iron Casting
45:25 Chain Mail Armor
46:44 Blast Furnace
46:24 Elite Skirmisher
47:39 Plate Mail Armor
47:11 Padded Archer Armor
47:01 Fletching
48:09 Elite Woad Raider
48:41 Stronghold
49:12 Conscription
50:00 Furor Celtica
50:28 Hoardings
51:38 Devotion
51:36 Bodkin Arrow
51:57 Leather Archer Armor
54:14 Ring Archer Armor
54:48 Chemistry
54:09 Ballistics
62:31 Sappers
67:30 Heavy Mounted Crossbowman
67:30 Crossbowman
67:34 Light Cavalry
67:35 Cavalier
68:15 Husbandry
67:39 Onager
67:39 Heavy Scorpion
68:36 Scale Barding Armor
71:05 Chain Barding Armor
carognavera
9:51 Feudal Age
11:10 Wheelbarrow
10:25 Double-Bit Axe
11:01 Horse Collar
12:41 Gold Mining
19:51 Castle Age
18:41 Stone Mining
21:36 Stone Shaft Mining
21:12 Heavy Plow
26:27 Bow Saw
26:50 Hand Cart
27:01 Pikeman
32:23 Imperial Age
31:13 Town Watch
32:03 Caravan
32:34 Coinage
32:18 Squires
32:32 Padded Archer Armor
32:23 Fletching
33:15 Town Patrol
35:49 Chemistry
35:10 Ballistics
34:40 Heated Shot
35:08 Leather Archer Armor
34:49 Bodkin Arrow
34:54 Scale Mail Armor
35:05 Forging
36:49 Ring Archer Armor
35:47 Elite Genoese Crossbowman
37:35 Two-Man Saw
37:19 Crop Rotation
37:45 Bracer
38:01 Chain Mail Armor
39:13 Iron Casting
39:47 Banking
39:29 Guilds
41:21 Plate Mail Armor
46:29 Blast Furnace
51:38 Bombard Tower
51:03 Arrowslits
51:09 Guard Tower
51:33 Fortified Wall
51:34 Masonry
56:14 Arson
DEVILNATURE
3:16 Loom
9:20 Loom
12:31 Feudal Age
13:52 Wheelbarrow
13:04 Loom
13:48 Double-Bit Axe
22:15 Castle Age
20:37 Scale Mail Armor
20:37 Padded Archer Armor
22:19 Stone Mining
23:55 Hand Cart
23:42 Horse Collar
24:11 Scale Barding Armor
24:34 Gold Mining
34:54 Bow Saw
40:35 Imperial Age
40:17 Murder Holes
40:04 Treadmill Crane
40:45 Ballistics
45:24 Caravan
47:11 Arrowslits
55:37 Two-Man Saw
54:59 Chain Barding Armor
55:24 Fletching
55:47 Bloodlines
55:38 Husbandry
56:21 Plate Barding Armor
55:51 Heavy Plow
59:52 Guilds
65:19 Artillery
70:49 Elite Janissary
pjanic1520
5:39 Loom
13:06 Feudal Age
17:34 Castle Age
16:43 Double-Bit Axe
16:54 Horse Collar
17:13 Gold Mining
19:18 Wheelbarrow
34:55 Squires
35:45 Arson
42:52 Hand Cart
42:23 Town Watch
43:17 Bow Saw
[UBC] Lobo
2:12 Loom
12:59 Feudal Age
13:25 Horse Collar
13:41 Double-Bit Axe
14:58 Wheelbarrow
18:50 Stone Mining
25:13 Castle Age
23:11 Fletching
23:31 Forging
23:28 Gold Mining
25:51 Scale Barding Armor
25:49 Scale Mail Armor
26:04 Bloodlines
26:00 Husbandry
25:59 Bodkin Arrow
26:26 Heavy Plow
27:19 Bow Saw
27:22 Caravan
28:16 Iron Casting
30:44 Fervor
29:58 Pikeman
30:39 Squires
31:29 Inquisition
32:11 Stone Shaft Mining
34:54 Sanctity
35:13 Arson
37:54 Redemption
38:02 Squires
41:09 Imperial Age
39:22 Hand Cart
41:04 Elite Skirmisher
43:18 Conscription
43:29 Halberdier
44:17 Thumb Ring
45:09 Guilds
44:33 Elite Conquistador
47:00 Light Cavalry
50:25 Hoardings
50:22 Block Printing
50:32 Illumination
50:26 Hussar
54:51 Ballistics
54:42 Fortified Wall
55:35 Chemistry
63:44 Blast Furnace
62:44 Bracer
63:05 Chain Barding Armor
62:46 Padded Archer Armor
62:49 Scale Mail Armor
MongolRally
1:10 Loom
6:23 Loom
10:52 Feudal Age
12:36 Wheelbarrow
15:30 Man-at-Arms
15:57 Arson
16:40 Horse Collar
19:51 Double-Bit Axe
20:00 Gold Mining
21:15 Stone Mining
25:32 Castle Age
26:29 Heavy Plow
26:43 Husbandry
27:46 Caravan
28:02 Forging
27:42 Fletching
27:53 Padded Archer Armor
27:53 Scale Mail Armor
28:48 Stone Shaft Mining
31:10 Coinage
31:08 Hand Cart
32:03 Iron Casting
31:23 Bodkin Arrow
38:58 Pikeman
50:40 Bow Saw
52:22 Elite Skirmisher
55:51 Gambesons
61:33 Crossbowman
GMTY0712
4:20 Loom
15:43 Feudal Age
18:39 Town Watch
19:35 Double-Bit Axe
19:33 Horse Collar
21:38 Forging
23:45 Castle Age
25:30 Stone Mining
25:30 Gold Mining
26:23 Bow Saw
26:15 Heavy Plow
32:19 Gold Shaft Mining
34:16 Iron Casting
33:47 Scale Barding Armor
36:08 Bloodlines
35:59 Husbandry
37:29 Chain Barding Armor
39:55 Imperial Age
39:50 Stone Shaft Mining
40:44 Wheelbarrow
40:10 Town Patrol
40:25 Cavalier
42:12 Blast Furnace
42:10 Hand Cart
43:35 Conscription
43:50 Hoardings
43:33 Citadels
44:41 Savar
45:16 Light Cavalry
47:07 Plate Barding Armor
46:23 Fletching
49:00 Kamandaran
49:11 Citadels
49:10 Thumb Ring
49:10 Elite Skirmisher
49:17 Hussar
49:22 Crossbowman
50:33 Bodkin Arrow
51:39 Padded Archer Armor
51:39 Scale Mail Armor
52:06 Ballistics
52:46 Chemistry
51:57 Masonry
51:42 Murder Holes
52:04 Masonry
52:16 Ballistics
52:56 Chemistry
51:52 Murder Holes
54:15 Leather Archer Armor
54:16 Chain Mail Armor
54:43 Architecture
58:45 Onager
61:11 Crop Rotation
67:05 Capped Ram
67:11 Capped Ram
68:13 Murder Holes
68:08 Guard Tower
68:53 Ring Archer Armor
68:54 Plate Mail Armor
70:33 Caravan
Connection lost

Rejoining the realm…

Still unreachable

The connection could not be restored.

Session expired

The server has moved on; the page needs a fresh start.